 Dungeon Crawl Stone Soup version 0.25-a0-410-g53dbb631d1 (webtiles) character file.

Game seed: 13588065136504415475, levelgen mode: deterministic

18 Alfie the Cutter (level 2, 0/24 HPs)
             Began as a Human Berserker on Jan 13, 2020.
             Was a Follower of Trog.
             Slain by a hobgoblin (1 damage)
             ... on level 1 of the Dungeon.
             The game lasted 00:01:31 (258 turns).

Alfie the Cutter (Human Berserker)                   Turns: 258, Time: 00:01:32

Health: 0/24       AC:  2    Str: 17    XL:     2   Next: 85%
Magic:  2/2        EV: 12    Int:  7    God:    Trog [*.....]
Gold:   66         SH:  0    Dex: 12    Spells: 1/1 levels left

rFire    . . .     SeeInvis .   a - +0 short sword
rCold    . . .     Gourm    .   (no shield)
rNeg     . . .     Faith    .   b - +0 animal skin
rPois    .         Spirit   .   (no helmet)
rElec    .         Reflect  .   (no cloak)
rCorr    .         Harm     .   (no gloves)
MR       .....                  (no boots)
Stlth    +.........             (no amulet)
HPRegen  0.08/turn              (no ring)
MPRegen  0.08/turn              (no ring)

@: no status effects
A: no striking features
a: Berserk, Renounce Religion


You were on level 1 of the Dungeon.
You worshipped Trog.
Trog was aware of your devotion.
You were not hungry.

You visited 1 branch of the dungeon, and saw 1 of its levels.

You collected 66 gold pieces.

Inventory:

Hand Weapons
 a - a +0 short sword (weapon)
Armour
 b - a +0 animal skin (worn)
 e - a +0 cloak
Scrolls
 f - a scroll of magic mapping {unknown}
 g - a scroll of identify {unknown}
 h - 2 scrolls of amnesia {unknown}
Potions
 d - a potion of ambrosia {unknown}
Comestibles
 c - a ration


   Skills:
 + Level 3.3 Fighting
 + Level 3.4 Short Blades
 + Level 2.0 Armour
 + Level 2.2 Dodging


You had one spell level left.
You didn't know any spells.
Your spell library was empty.

Dungeon Overview and Level Annotations

Branches:
Dungeon (1/15)

Altars:


Message History

You hit the ooze.
You kill the ooze!
Trog accepts your kill.
You barely miss the kobold. The kobold hits you.
* * * LOW HITPOINT WARNING * * *
You hit the kobold.
You kill the kobold!
Trog accepts your kill.
You hit the hobgoblin.
The hobgoblin is lightly wounded.
The hobgoblin hits you.
* * * LOW HITPOINT WARNING * * *
You hit the hobgoblin.
The hobgoblin is almost dead.
The hobgoblin hits you.
* * * LOW HITPOINT WARNING * * *
You closely miss the hobgoblin.
The hobgoblin is almost dead.
The hobgoblin hits you.
You die...

###...###
#^#...#X#
###...###
#^#...#D#
####..###
#D#..#D#
..#######
###..###
#.......#####
#d#..#X#
.......[.g@.#
###.####
##......###.#
#D#.#d# #......#
#.#####.###
#..!...)
#.##X#..#X#
...##....
#.####.#### ##
#....##.##^#.#^#
.....##.####.###
#
......##.##≈#.#*#
# #.####.##### #


You could see a hobgoblin.

Vanquished Creatures
  An ooze (D:1)
  A bat (D:1)
  A giant cockroach (D:1)
  3 hobgoblins (D:1)
  A kobold (D:1)
  2 frilled lizards (D:1)
  5 rats (D:1)
14 creatures vanquished.

Notes
Turn   | Place    | Note
-------+----------+-------------------------------------------
     0 | D:1      | Alfie the Human Berserker began the quest for the Orb.
     0 | D:1      | Reached XP level 1. HP: 18/18 MP: 1/1
     0 | D:1      | Noticed a tentacled monstrosity
     1 | D:1      | Noticed a large abomination
     3 | D:1      | Noticed an ice dragon
     6 | D:1      | Noticed an ice dragon
     8 | D:1      | Noticed an ice dragon
    15 | D:1      | Noticed a large abomination
    16 | D:1      | Noticed a green draconian
    18 | D:1      | Noticed an ice dragon
    18 | D:1      | Noticed a green draconian
    20 | D:1      | Noticed a large abomination
    20 | D:1      | Noticed a large abomination
    22 | D:1      | Noticed an ice dragon
    24 | D:1      | Noticed an orb of fire
    26 | D:1      | Noticed an orb of fire
    78 | D:1      | Reached XP level 2. HP: 15/24 MP: 2/2
   257 | D:1      | HP: 1/24 [hobgoblin (3)]
   258 | D:1      | Slain by a hobgoblin

Levels and vault maps discovered:
D:1:      shiori_arrival_whats_in_store_for_you, layout_basic, fountainhead,
          minmay_tetromino_o4

Action                   || total
-------------------------++-------
Melee: Short sword       ||    37
Armor: Animal skin       ||     5
Dodge: Dodged            ||    19

Table legend:
 A = Non-vault XP
 B = Vault XP
 C = Vault XP percentage of total XP
 D = Non-vault monster count
 E = Vault monster count
 F = Vault count percentage of total count
                 A         B        C        D         E       F
            +---------+---------+-------+---------+---------+-------
      Total |      26 |       0 |   0.0 |      14 |       0 |   0.0
            +---------+---------+-------+---------+---------+-------
        D:1 |      26 |       0 |   0.0 |      14 |       0 |   0.0
            +---------+---------+-------+---------+---------+-------
